 Dungeon Crawl Stone Soup version 0.20.1-1-g8b1a95d (webtiles) character file.

282 yevrey the Ruffian (level 6, -11/47 HPs)
             Began as a Draconian Transmuter on Nov 10, 2017.
             Killed from afar by Bai's ghost (17 damage)
             ... with an orb of energy
             ... on level 4 of the Dungeon.
             The game lasted 00:10:01 (3150 turns).

yevrey the Ruffian (Draconian Transmuter)           Turns: 3150, Time: 00:10:02

Health: -11/47     AC:  6    Str: 13    XL:     6   Next: 6%
Magic:  6/11       EV: 12    Int: 15    God:
Gold:   200        SH:  0    Dex: 11    Spells: 5/11 levels left

rFire    + . .     SeeInvis .     - Unarmed
rCold    + . .     Gourm    .   (no shield)
rNeg     . . .     Faith    .   (armour unavailable)
rPois    +         Spirit   .   (helmet restricted)
rElec    +         Reflect  .   (no cloak)
rCorr    +         Harm     .   (no gloves)
MR       .....                  (no boots)
Stlth    +.........             (no amulet)
Regen    0.2/turn               (no ring)
MPRegen  0.2/turn               (no ring)

@: resistant
A: unfitting armour, cold-blooded, AC +6
a: no special abilities


You were on level 4 of the Dungeon.
You were not hungry.

You visited 1 branch of the dungeon, and saw 4 of its levels.

You collected 200 gold pieces.

Inventory:

Hand Weapons
 t - the +1 trident "Beakemack" {drain, *Rage rC+ MR+ Int+3, unknown}
   (You found it on level 4 of the Dungeon)

   A truly terrible weapon, it drains the life of those it strikes.
   It affects your intelligence (+3).
   It protects you from cold.
   It affects your resistance to hostile enchantments.
   It may make you go berserk in combat.
Missiles
 a - 60 arrows
Jewellery
 r - a cursed ring of teleportation {unknown}
 s - a +3 ring of protection {unknown}
Wands
 q - a wand of clouds (4/9)
Scrolls
 e - 6 scrolls of teleportation {unknown}
 f - a scroll of enchant armour {unknown}
 h - a scroll of recharging {unknown}
 i - 2 scrolls of amnesia {unknown}
 j - 3 scrolls of identify {unknown}
 p - a scroll of remove curse {unknown}
 u - a scroll of noise {unknown}
Potions
 d - 4 potions of curing {unknown}
 k - 2 potions of lignification {unknown}
 m - a potion of berserk rage {unknown}
 o - a potion of might {unknown}
Books
 b - a book of Changes

   Spells                             Type                      Level
   a - Beastly Appendage              Transmutation                1
   b - Sticks to Snakes               Transmutation                2
   c - Spider Form                    Transmutation/Poison         3
   d - Ice Form                       Ice/Transmutation            4
   e - Blade Hands                    Transmutation                5
Comestibles
 c - 3 bread rations
 n - 4 meat rations


   Skills:
 + Level 1.5 Fighting
 - Level 2.1 Dodging
 + Level 5.1 Unarmed Combat
 + Level 3.3 Spellcasting
 + Level 3.0 Transmutations
 + Level 1.1 Poison Magic


You had 5 spell levels left.
You knew the following spells:

 Your Spells              Type           Power        Failure   Level  Hunger
a - Beastly Appendage     Tmut           ##....       5%          1    None
b - Sticks to Snakes      Tmut           ##......     9%          2    ##.....
c - Spider Form           Tmut/Pois      #.........   26%         3    ###....


Dungeon Overview and Level Annotations

Branches:
Dungeon (4/15)
 Temple: D:4-7

Altars:
Makhleb
Qazlal

Annotations:
D:4 Bai's ghost, amateur DgCj


Innate Abilities, Weirdness & Mutations

Your plain brown scales are hard. (AC +6)
You cannot fit into any form of body armour.
You are cold-blooded and may be slowed by cold attacks.


Message History

Your water moccasin bites Bai's ghost.
Bai's ghost closely misses your water moccasin.
Your water moccasin bites Bai's ghost!
All of the chunks of flesh in your inventory have rotted away.
Bai's ghost casts a spell at your water moccasin.
The orb of energy misses your water moccasin.
Your water moccasin closely misses Bai's ghost.
Your water moccasin barely misses Bai's ghost.
Bai's ghost hits your water moccasin.
Lightning courses through your water moccasin!
Your water moccasin bites Bai's ghost.
Bai's ghost points at your water moccasin and mumbles some strange words.
The orb of energy misses your water moccasin.
Your water moccasin closely misses Bai's ghost.
Bai's ghost casts a spell at your water moccasin.
The spray of energy hits your water moccasin.
Your water moccasin dies!
Bai's ghost gestures at you while chanting.
The orb of energy hits you!
You die...

##..# #######.#..##
#...# #.....# #.#.#
##....#
#.#.#########
##.###
..#.#.......# #.#
.##.#.......# #.#
.##.#.......# #.#
....#.......## #.#
...##........###@#
...##......>..##.#
............#..#.##
............##.#..#
.####..†<....#.##.#
## #........#.##W#
# #........#W##.# #
##########.##.#
#.##.#


You could see Bai's ghost.

Vanquished Creatures
  A hound (D:3)
  2 orc wizards
  A worker ant (D:4)
  Ijyb (D:2)
  5 adders
  An ooze (D:1)
  An adder skeleton (D:4)
  5 worms
  A dart slug (D:1)
  3 leopard geckos
  4 orcs
  11 bats
  7 giant cockroaches
  6 goblins
  9 hobgoblins
  7 jackals (D:4)
  2 quokkas
  5 frilled lizards
  2 kobolds (D:2)
  9 rats
83 creatures vanquished.

Notes
Turn   | Place    | Note
-------+----------+-------------------------------------------
     0 | D:1      | yevrey the Draconian Transmuter began the quest for the Orb.
     0 | D:1      | Reached XP level 1. HP: 16/16 MP: 3/3
    68 | D:1      | Reached XP level 2. HP: 19/23 MP: 5/5
    72 | D:1      | Learned a level 2 spell: Sticks to Snakes
   351 | D:1      | Reached XP level 3. HP: 27/28 MP: 4/6
   742 | D:1      | Learned a level 3 spell: Spider Form
  1051 | D:2      | Reached skill level 4 in Unarmed Combat
  1197 | D:2      | Reached XP level 4. HP: 35/35 MP: 0/7
  1393 | D:2      | Found a stormy altar of Qazlal.
  1513 | D:3      | Noticed Ijyb
  1525 | D:2      | Killed Ijyb
  1879 | D:3      | Found a burning altar of Makhleb.
  1887 | D:3      | Reached XP level 5. HP: 27/40 MP: 6/9
  2313 | D:4      | Got a polished trident
  2481 | D:4      | Noticed Bai's ghost (amateur DgCj)
  2832 | D:4      | Reached skill level 5 in Unarmed Combat
  2963 | D:4      | Reached skill level 1 in Poison Magic
  2963 | D:4      | Reached XP level 6. HP: 47/47 MP: 6/10
  3150 | D:4      | Killed from afar by Bai's ghost

Skill      XL: |  1  2  3  4  5 |
---------------+----------------+-----
Dodging        | 2 |  2.1
Unarmed Combat | 4 5 |  5.1
Spellcasting   | 3 |  3.3
Transmutations | 3 |  3.0
Poison Magic   | 1 |  1.1
Fighting       | |  1.5

Action                   |  1- 3 |  4- 6 || total
-------------------------+-------+-------++-------
Melee: Unarmed           |   111 |   133 ||   244
       Headbutt          |     4 |       ||     4
       Kick              |     5 |     1 ||     6
       Tailslap          |     7 |     1 ||     8
 Cast: Beastly Appendage |    15 |     3 ||    18
       Spider Form       |     4 |    14 ||    18
       Sticks to Snakes  |       |     4 ||     4
  Use: Potion            |       |     1 ||     1
 Stab: Distracted        |     1 |       ||     1
       Sleeping          |       |     2 ||     2
  Eat: Chunk             |     2 |     6 ||     8
       Fruit             |       |     5 ||     5
Armor: Skin              |    39 |    24 ||    63
Dodge: Dodged            |    96 |   117 ||   213
